 Dungeon Crawl Stone Soup version 0.30-a0-292-g0f741e3f8e (webtiles) character file.

Game seed: 13417309169371752720

3247 pokeman the Thaumaturge (level 9, 0/50 HPs)
             Began as a Deep Elf Hedge Wizard on Oct 17, 2022.
             Was a Priest of Vehumet.
             Slain by a vampire mosquito (4 damage)
             ... on level 7 of the Dungeon.
             The game lasted 00:22:12 (8475 turns).

pokeman the Thaumaturge (Deep Elf Hedge Wizard)     Turns: 8475, Time: 00:22:12

Health: 0/50       AC: 14    Str:  7    XL:     9   Next: 67%
Magic:  23/27      EV: 13    Int: 24    God:    Vehumet [***...]
Gold:   185        SH:  0    Dex: 14    Spells: 21/33 levels left

rFire   . . .      SeeInvis .    F - +4 quarterstaff (chaos)
rCold   . . .      Faith    .    (shield currently unavailable)
rNeg    . . .      Spirit   .    H - +2 steam dragon scales
rPois   .          Reflect  .    m - +0 helmet
rElec   .          Harm     .    G - +1 cloak
rCorr   .          Rampage  .    i - +2 pair of gloves
Will    .....                    (no boots)
Stlth   ++........               (no amulet)
HPRegen 0.28/turn                (no ring)
MPRegen 0.20/turn                (no ring)

@: brilliant
A: no striking features
a: Renounce Religion


You were on level 7 of the Dungeon.
You worshipped Vehumet.
Vehumet was most pleased with you.
You visited 2 branches of the dungeon, and saw 8 of its levels.
You also visited: Ossuary.

You collected 320 gold pieces.
You spent 135 gold pieces at shops.

Inventory:

Hand Weapons
 F - a +4 quarterstaff of chaos (weapon)
Missiles
 D - 5 curare-tipped darts
Armour
 e - a +2 buckler of poison resistance
 i - a +2 pair of gloves (worn)
 m - a +0 helmet (worn)
 G - a +1 cloak (worn)
 H - +2 steam dragon scales (worn)
Jewellery
 C - a ring of see invisible
Wands
 g - a wand of polymorph (12)
 w - a wand of charming (1)
 y - a wand of iceblast (8)
 B - a wand of quicksilver (7)
 I - a wand of flame (13)
Scrolls
 b - 2 scrolls of enchant armour
 f - 7 scrolls of identify
 j - 3 scrolls of poison
 k - a scroll of noise {unknown}
 l - 6 scrolls of teleportation {unknown}
 n - 2 scrolls of silence {unknown}
 o - a scroll of immolation {unknown}
 p - a scroll of summoning {unknown}
 s - 3 scrolls of brand weapon {unknown}
 t - 4 scrolls of fear {unknown}
 u - 2 scrolls of vulnerability {unknown}
 x - a scroll of amnesia {unknown}
 E - a scroll of blinking {unknown}
Potions
 a - 2 potions of brilliance
 c - 2 potions of heal wounds {unknown}
 d - 2 potions of magic
 h - a potion of mutation {unknown}
 q - 2 potions of curing {unknown}
 r - 2 potions of might
 v - 3 potions of degeneration {unknown}
 z - a potion of resistance {unknown}
 A - a potion of berserk rage {unknown}


   Skills:
 - Level 3.0 Fighting
 - Level 3.1 Armour
 - Level 3.0 Dodging
 - Level 3.0 Stealth
 + Level 2.3 Shields
 * Level 12.8 Spellcasting
 + Level 7.2 Conjurations
 - Level 1.1 Summonings
 - Level 1.1 Translocations
 - Level 1.2 Air Magic
 - Level 1.0 Poison Magic
 - Level 2.1 Evocations


You had 21 spell levels left.
You knew the following spells:

 Your Spells              Type           Power      Damage    Failure   Level
a - Magic Dart            Conj           100%       1d8       1%          1
b - Mephitic Cloud        Conj/Pois/Air  46%        N/A       1%          3
c - Call Imp              Summ           31%        N/A       3%          2
d - Blink                 Tloc           62%        N/A       3%          2
e - Shock                 Conj/Air       100%       1d9       1%          1
f - Swiftness             Air            32%        N/A       7%          3

Your spell library contained the following spells:

 Spells                   Type           Power      Damage    Failure   Level
 Kindle Blastsparks       Fire/Tloc/Air  56%        2d14      2%          3
 Slow                     Hex            92%        N/A       4%          1
 Cigotuvi's Dreadful Rot  Necr/Pois/Air  56%        N/A       4%          2
 Airstrike                Air            16%        2d(3-19)  6%          4


Dungeon Overview and Level Annotations

Branches:
Dungeon (7/15)             Temple (1/1) D:5         Ossuary (visited)

Altars:
Ashenzari
Dithmenos
Elyvilon
Fedhas
Gozag
Hepliaklqana
Kikubaaqudgha
Makhleb
Nemelex Xobeh
Qazlal
Sif Muna
Uskayaw
Vehumet
Wu Jian
Xom
Yredelemnul
Zin
The Shining One

Shops:
D:6 *

Annotations:
D:7 1 runed translucent door


Message History

The vampire mosquito draws strength from your injuries!
The vampire mosquito bites you!
* * * LOW HITPOINT WARNING * * *
The vampire mosquito draws strength from your injuries!
Unknown command.
The vampire mosquito closely misses your shadow imp.
The killer bee stings the scorpion.
The vampire mosquito misses your shadow imp.
Your shadow imp hits the vampire mosquito.
It was a potion of brilliance.
You feel clever all of a sudden.
The vampire mosquito barely misses your shadow imp.
The vampire mosquito completely misses your shadow imp.
Your shadow imp hits the vampire mosquito.
As you read the scroll labelled IDOSIOR NUPE, it crumbles to dust.
It is a scroll of enchant armour.
Your +1 buckler of poison resistance glows green for a moment.
The vampire mosquito bites your shadow imp.
Something barely misses the scorpion.
Vehumet accepts your kill.
You feel your power returning.
You feel a bit more experienced.
The vampire mosquito misses your shadow imp.
Your shadow imp hits the vampire mosquito.
As you read the scroll labelled SAN CISAGINN, it crumbles to dust.
It is a scroll of identify.
j - 3 scrolls of poison The vampire mosquito bites your shadow imp!
Your shadow imp dies!
Your shadow imp disappears in a puff of smoke!
Casting: Call Imp (safe; 3% risk of failure)
Confirm with . or Enter, or press ? or * to list all spells.
You feel a surge of power!
You blink.
There is a shaft here.
You feel stable enough to blink again.
Casting: Blink (safe; 3% risk of failure)
Confirm with . or Enter, or press ? or * to list all spells.
You feel a surge of power!
A beastly little devil appears in a puff of flame.
The vampire mosquito bites you.
You die...

.....###)######....#######....#.>
.........#....#...÷#.....#....#.#
.......)......#....†..$..+....#.#
.#............#....#.†...#....#.#
.#............#....#######....#..
##............#...............#.#
##............#......sys......#.#
##............########'########.#
###......<.....5@.# ##yy........#
.###.....#.....##y###......####.#
.......##########y#.....#### #.#
.#####........###....##########.#
.................................
..####.>.............##########..
...###...........#.#.....# ###
..............##.....###.########
....##........####.#...........##


You could see a vampire mosquito (ally target), a killer bee and a friendly
crimson imp (summoned).

Vanquished Creatures
  Maggie (D:5)
  Sigmund (D:5)
  A shadow (D:7)
  2 steam dragons
  Menkaure (Ossuary)
  3 water moccasins
  Duvessa (D:5)
  A sky beast (D:7)
  A black bear (D:5)
  3 ogres
  A centaur (D:7)
  2 kobold brigands (D:6)
  Blork the orc (D:5)
  A bullfrog (D:7)
  2 scorpions
  Dowan (D:5)
  A killer bee (D:7)
  2 howler monkeys (D:7)
  5 hounds
  Crazy Yiuf (D:5)
  An iguana (D:6)
  An orc wizard (D:5)
  Ijyb (D:5)
  3 mummies (Ossuary)
  10 gnolls
  9 adders
  4 shadow imps
  2 white imps (D:6)
  3 ufetubi
  A worm (D:3)
  6 dart slugs
  17 orcs
  6 bats
  5 endoplasms
  6 giant cockroaches
  6 gnoll zombies (Ossuary)
  10 goblins
  5 hobgoblins
  3 jackals (D:1)
  11 kobolds
  6 quokkas
  20 ball pythons
  5 frilled lizards
  3 gnoll skeletons (Ossuary)
  4 goblin skeletons (Ossuary)
  3 goblin zombies (Ossuary)
  6 hobgoblin skeletons (Ossuary)
  2 hobgoblin zombies (Ossuary)
  5 kobold skeletons (Ossuary)
  A kobold zombie (Ossuary)
  4 orc skeletons (Ossuary)
  4 orc zombies (Ossuary)
  6 rats
  3 rat skeletons (Ossuary)
  9 rat zombies (Ossuary)
  A butterfly (D:7)
224 creatures vanquished.

Vanquished Creatures (collateral kills)
  A scorpion (D:7)
  3 gnolls (D:2)
  A giant cockroach (D:7)
5 creatures vanquished.

Vanquished Creatures (others)
  A giant cockroach (D:7)
1 creature vanquished.

Grand Total: 230 creatures vanquished

Notes
Turn   | Place    | Note
-------+----------+-------------------------------------------
     0 | D:1      | pokeman the Deep Elf Hedge Wizard began the quest for the
                  | Orb.
     0 | D:1      | Reached XP level 1. HP: 10/10 MP: 7/7
   286 | D:1      | Reached XP level 2. HP: 10/15 MP: 0/9
   988 | D:1      | Reached skill level 5 in Spellcasting
  1010 | D:1      | You fall into a shaft and drop 1 floor!
  1232 | D:2      | Reached XP level 3. HP: 20/20 MP: 7/11
  1236 | D:2      | Learned a level 3 spell: Mephitic Cloud
  1239 | D:2      | Learned a level 2 spell: Call Imp
  1242 | D:2      | Learned a level 2 spell: Blink
  1460 | D:2      | Reached skill level 1 in Armour
  1554 | D:1      | Found a faded altar of an unknown god.
  1645 | D:1      | Reached skill level 1 in Fighting
  2348 | D:2      | Reached XP level 4. HP: 25/25 MP: 5/13
  2956 | D:3      | Reached skill level 6 in Spellcasting
  3253 | D:3      | Reached XP level 5. HP: 29/29 MP: 12/15
  3763 | D:3      | Found a hide-covered altar of Uskayaw.
  3763 | D:3      | Found a shadowy altar of Dithmenos.
  3763 | D:3      | Found a shimmering blue altar of Sif Muna.
  3771 | D:3      | Reached skill level 1 in Shields
  3822 | D:3      | Found a broken altar of Ashenzari.
  3826 | D:3      | Found a glowing golden altar of the Shining One.
  3829 | D:3      | Found an ornate altar of the Wu Jian Council.
  3830 | D:3      | Found a white marble altar of Elyvilon.
  4590 | D:4      | Noticed an ogre
  4598 | D:4      | Killed an ogre
  4599 | D:4      | Reached skill level 1 in Air Magic
  4599 | D:4      | Reached skill level 1 in Poison Magic
  4599 | D:4      | Reached XP level 6. HP: 34/34 MP: 9/17
  4879 | D:5      | Entered Level 5 of the Dungeon
  4880 | D:5      | Noticed Blork the orc
  4881 | D:5      | Found a glowing silver altar of Zin.
  4889 | D:5      | Killed Blork the orc
  4890 | D:5      | Reached skill level 7 in Spellcasting
  4931 | D:5      | Found a staircase to the Ecumenical Temple.
  4950 | Temple   | Entered the Ecumenical Temple
  4969 | Temple   | Became a worshipper of Vehumet
  5043 | D:5      | Found a sand-covered staircase.
  5047 | Ossuary  | Entered an ossuary
  5188 | Ossuary  | Reached * piety under Vehumet
  5188 | Ossuary  | Offered knowledge of Freeze by Vehumet.
  5368 | Ossuary  | Noticed Menkaure
  5386 | Ossuary  | Killed Menkaure
  5386 | Ossuary  | Offered knowledge of Momentum Strike by Vehumet.
  5387 | Ossuary  | Reached skill level 8 in Spellcasting
  5387 | Ossuary  | Reached XP level 7. HP: 17/39 MP: 9/20
  5413 | Ossuary  | Reached ** piety under Vehumet
  5865 | D:5      | Noticed Ijyb
  5888 | D:5      | Killed Ijyb
  5943 | D:5      | Reached skill level 9 in Spellcasting
  5945 | D:5      | Learned a level 1 spell: Shock
  5949 | D:5      | Learned a level 3 spell: Swiftness
  6065 | D:5      | Noticed Dowan
  6073 | D:5      | Noticed Sigmund
  6075 | D:5      | Killed Dowan
  6075 | D:5      | Noticed Duvessa
  6078 | D:5      | Killed Sigmund
  6079 | D:5      | Reached skill level 5 in Conjurations
  6079 | D:5      | Reached XP level 8. HP: 35/44 MP: 13/23
  6342 | D:5      | Killed Duvessa
  6561 | D:5      | Found a runed translucent door.
  6562 | D:5      | Noticed Crazy Yiuf
  6571 | D:5      | Killed Crazy Yiuf
  6572 | D:5      | Reached skill level 10 in Spellcasting
  6828 | D:6      | Noticed Maggie
  6971 | D:5      | Killed Maggie
  6972 | D:5      | Reached skill level 11 in Spellcasting
  6972 | D:5      | Reached skill level 1 in Evocations
  7111 | D:6      | Offered knowledge of Kindle Blastsparks by Vehumet.
  7112 | D:6      | Reached XP level 9. HP: 49/49 MP: 22/26
  7469 | D:6      | Found Tyse's Serpentskin Sales.
  7480 | D:6      | Bought a +1 buckler of poison resistance for 135 gold
                  | pieces
  7708 | D:7      | Reached *** piety under Vehumet
  7807 | D:7      | Reached skill level 12 in Spellcasting
  8228 | D:7      | Found a runed translucent door.
  8255 | D:7      | Found a runed translucent door.
  8466 | D:7      | HP: 1/50 [vampire mosquito (8)]
  8475 | D:7      | Slain by a vampire mosquito

Illustrated notes

Levels and vault maps discovered:
D:1:      erik_arrival_cave_to_civilisation [erik_arrival_cave_to_hall],
          layout_loops_corners, nicolae_ecumenical_snake_handling
D:2:      layout_loops_ring, corexii_leaking_fountain, st_stairs_13
D:3:      minmay_skewed_foursquare, layout_rooms,
          nicolae_overflow_hallway_of_the_gods,
          amcnicky_mini_rare_corridor_liquid, chequers_serial_rivers_small_b
D:4:      layout_basic, kennysheep_windowed_goal
D:5:      layout_basic, mainiacjoe_overflow_concentric_impassable,
          minmay_temple_entry_mini_moons, lightli_ossuary_entry_decrepit_ruins,
          uniq_crazy_yiuf_cottage, uniq_blork_the_orc, uniq_duvessa, uniq_ijyb,
          uniq_sigmund
D:6:      layout_basic, guppyfry_shop_venom, uniq_maggie, uniq_menkaure
D:7:      lemuel_insect_pit, layout_rooms
Temple:   minmay_temple_bridge_abc

Skill      XL: |  1  2  3  4  5  6  7  8  9 |
---------------+----------------------------+-----
Spellcasting   | 5 6 8 9 11 12 | 12.8
Armour         | 1 2 3 |  3.1
Conjurations   | 2 3 5 6 7 |  7.2
Fighting       | 1 2 3 |  3.0
Dodging        | 3 |  3.0
Shields        | 1 2 |  2.3
Stealth        | 3 |  3.0
Air Magic      | 1 |  1.2
Poison Magic   | 1 |  1.0
Evocations     | 1 2 |  2.1
Summonings     | |  1.1
Translocations | |  1.1

Action                   |  1- 3 |  4- 6 |  7- 9 || total
-------------------------+-------+-------+-------++-------
Melee: Dagger            |     2 |       |       ||     2
       Falchion          |       |    33 |       ||    33
       Punch             |       |     3 |     1 ||     4
       Hand axe          |       |   135 |    35 ||   170
       Quarterstaff      |       |       |    79 ||    79
 Cast: Magic Dart        |   111 |   144 |    58 ||   313
       Mephitic Cloud    |       |     7 |    23 ||    30
       Call Imp          |       |     5 |     4 ||     9
       Shock             |       |       |   121 ||   121
       Blink             |       |       |     2 ||     2
  Use: Scroll            |       |       |     2 ||     2
       Potion            |       |       |     1 ||     1
 Stab: Sleeping          |     1 |       |       ||     1
       Confused          |       |     4 |    10 ||    14
       Paralysed         |       |       |     3 ||     3
Armor: Robe              |     3 |       |       ||     3
       Leather armour    |     5 |    66 |    37 ||   108
       Steam dragon scal |       |       |    35 ||    35
Dodge: Dodged            |    15 |   119 |   125 ||   259

Table legend: (Time is in decaauts)
 A = Elapsed time spent in this place.
 B = Non-inter-level travel time spent in this place.
 C = Inter-level travel time spent in this place.
 D = Time resting spent in this place.
 E = Time spent auto-exploring this place.
 F = Levels seen in this place.
 G = Mean time per level.
                   A        B        C        D        E       F      G
               +--------+--------+--------+--------+--------+-----+--------+
         Total |   8561 |   8314 |    247 |    439 |   6066 |   9 |  951.2 |
       Dungeon |   7920 |   7691 |    229 |    433 |   5843 |   7 | 1131.4 |
        Temple |     38 |     20 |     18 |      0 |      0 |   1 |   38.0 |
       Ossuary |    601 |    601 |      0 |      6 |    223 |   1 |  601.0 |
               +--------+--------+--------+--------+--------+-----+--------+

Top non-repeatable levels by time:
     D:1: 1777 daAuts
     D:5: 1443 daAuts
     D:3: 1247 daAuts
     D:2: 1175 daAuts
     D:7: 850 daAuts
     D:6: 736 daAuts
     D:4: 689 daAuts
 Ossuary: 601 daAuts
  Temple: 38 daAuts
